 Dungeon Crawl Stone Soup version 0.21.1-1-g345015f (webtiles) character file.

7 glosham the Skirmisher (level 2, -6/25 (26) HPs)
             Began as a Ghoul Abyssal Knight on June 6, 2018.
             Was a Follower of Lugonu.
             Mangled by an angel
             ... wielding a +2 whip of holy wrath
              (15 damage)
             ... on level 1 of the Abyss.
             The game lasted 00:02:10 (87 turns).

glosham the Skirmisher (Ghoul Abyssal Knight)         Turns: 87, Time: 00:02:11

HP:   -6/25 (26)    AC:  3    Str: 15    XL:     2   Next: 0%
MP:   2/2           EV: 11    Int:  7    God:    Lugonu [*.....]
Gold: 9             SH:  0    Dex:  8    Spells: 1/1 levels left

rFire    . . .     SeeInvis .     - Unarmed
rCold    + . .     Gourm    .   (no shield)
rNeg     + + +     Faith    .   a - +0 leather armour
rPois    ∞         Spirit   .   (no helmet)
rElec    .         Reflect  .   (no cloak)
rCorr    .         Harm     .   (no gloves)
MR       .....                  (no boots)
Stlth    +.........             (no amulet)
HPRegen  0.00/turn              (no ring)
MPRegen  0.08/turn              (no ring)

@: rotting, glowing
A: rotting body, claws 1, carnivore, cold resistance 1, negative energy
resistance 3, inhibited regeneration, torment resistance, unbreathing
a: Depart the Abyss, Renounce Religion


You were on level 1 of the Abyss.
You worshipped Lugonu.
Lugonu was aware of your devotion.
You were not hungry.

You visited 0 branches of the dungeon, and saw 0 of its levels.
You visited the Abyss 1 time.

You collected 9 gold pieces.

Inventory:

Armour
 a - a +0 leather armour (worn)
Comestibles
 b - a ration


   Skills:
 - Level 3.2 Fighting
 - Level 1.7 Armour
 - Level 0.8 Dodging
 * Level 1.9 Stealth
 - Level 2.1 Unarmed Combat
 - Level 2.0 Invocations


You had one spell level left.
You didn't know any spells.

Dungeon Overview and Level Annotations

Branches:
Dungeon (0/15)

Altars:


Innate Abilities, Weirdness & Mutations

Your body is rotting away.
You thrive on raw meat.
You are immune to poison.
You have sharp fingernails.
You are carnivorous and can eat meat at any time.
Your flesh is cold resistant. (rC+)
You are immune to negative energy. (rN+++)
You do not regenerate when monsters are visible.
You are immune to unholy pain and torment.
You can survive without breathing.


Message History

The white imp closely misses you.
You barely miss the white imp. The white imp hits you.
The white imp freezes you. You resist.
You scratch the white imp but do no damage.
The white imp hits you. The white imp freezes you. You resist.
You scratch the white imp but do no damage.
The white imp laughs crazily.
The white imp barely misses you.
You closely miss the white imp. The white imp closely misses you.
You scratch the white imp but do no damage.
The white imp closely misses you.
You scratch the white imp.
The white imp is heavily wounded.
The white imp completely misses you.
You scratch the white imp but do no damage.
The white imp is heavily wounded.
The white imp gestures at you. The puff of frost hits you! You resist.
You scratch the white imp.
The white imp is severely wounded.
The white imp gestures at you. The puff of frost hits you! You resist.
You scratch the white imp.
You kill the white imp!
Your Stealth skill increases to level 1!
You have reached level 2!
A worldbinder comes into view.
Found a ration.
A tentacled starspawn comes into view.
A small abomination comes into view.
You enter the shallow water.
Moving in this stuff is going to be slow.
The small abomination misses you.
An angel comes into view. It is wielding a whip of holy wrath.
The angel shouts!
Found an iron altar of Okawaru.
Found 23 stones.
The angel hits you with a whip of holy wrath!
Ouch! That really hurt!
You die...

#§#.#.≈≈......## ..
##...#≈≈# ... .#...#
.#..#.≈≈.#§#........ .
....≈≈...#.### ##
#..##.≈♣.##.#..# #. #..
..≈≈##..#.###.## ##
###..#≈≈.....#.#...##...
#.#§§.≈≈#.#.#..#.....#
..x..#≈≈.....x.#@..##.(
..#...≈≈##.#.##A.....# .
#..#≈≈#..#....#..#.# .#
.#.≈≈#.#.#.....#.#.. ..
...≈ ...#.#....##.. #
∩.# .#≈≈ .....#.#.. .##
#. . ≈≈..#.#....... #
#.##.#≈≈#.# #..##_..#
### . # ..## #.#


You could see an angel.

Vanquished Creatures
  A white imp (Abyss:1)
1 creature vanquished.

Notes
Turn   | Place    | Note
-------+----------+-------------------------------------------
     0 | Abyss:1  | glosham the Ghoul Abyssal Knight began the quest for the Orb.
     0 | Abyss:1  | Reached XP level 1. HP: 19/19 MP: 1/1
    54 | Abyss:1  | Reached skill level 1 in Stealth
    54 | Abyss:1  | Reached XP level 2. HP: 7/25 MP: 2/2
    58 | Abyss:1  | Noticed a worldbinder
    60 | Abyss:1  | Noticed a tentacled starspawn
    64 | Abyss:1  | Noticed a small abomination
    83 | Abyss:1  | Noticed an angel
    85 | Abyss:1  | Found an iron altar of Okawaru.
    87 | Abyss:1  | Mangled by an angel

Skill      XL: |  1 |
---------------+----+-----
Stealth        | 1 |  1.9
Fighting       | |  3.2
Armour         | |  1.7
Dodging        | |  0.8
Unarmed Combat | |  2.1
Invocations    | |  2.0

Action                   || total
-------------------------++-------
Melee: Unarmed           ||    10
  Use: Scroll            ||     1
Dodge: Dodged            ||     6

Table legend:
 A = Turns spent in this place as a percentage of turns spent in the entire game.
 B = Non-inter-level travel turns spent in this place as a percentage of non-inter-level travel turns spent in the entire game.
 C = Inter-level travel turns spent in this place as a percentage of turns spent in this place.
 D = Turns resting spent in this place as a percentage of non-inter-level travel turns spent in this place.
 E = Turns spent auto-exploring this place as a percentage of non-inter-level travel turns spent in this place.
 F = Non-inter-level travel turns spent in this place divided by the number of levels of this place that you've seen.
                   A       B       C       D       E      F
               +-------+-------+-------+-------+-------+----------------------
         Total | 100.0 | 100.0 |   0.0 |   0.0 |   0.0 |  87.0
         Abyss | 100.0 | 100.0 |   0.0 |   0.0 |   0.0 |  87.0
               +-------+-------+-------+-------+-------+----------------------

Table legend:
 A = Kills in this place as a percentage of kills in entire the game.
 B = Kills by you in this place as a percentage of kills by you in the entire game.
 C = Kills by friends in this place as a percentage of kills by friends in the entire game.
 D = Other kills in this place as a percentage of other kills in the entire game.
 E = Experience gained in this place as a percentage of experience gained in the entire game.
 F = Experience gained in this place divided by the number of levels of this place that you have seen.
                   A       B       C       D       E      F
               +-------+-------+-------+-------+-------+----------------------
         Total | 100.0 | 100.0 |   N/A |   N/A | 100.0 |  10.0
         Abyss | 100.0 | 100.0 |   N/A |   N/A | 100.0 |  10.0
               +-------+-------+-------+-------+-------+----------------------

Vault maps used:
Abyss:1:  evilmike_abyss_exit_5
